 Dungeon Crawl Stone Soup version 0.21.1-1-g345015fe64 (webtiles) character file.

441 LevaFresel the Chopper (level 7, -7/53 HPs)
             Began as a Human Fighter on June 9, 2018.
             Was an Initiate of Nemelex Xobeh.
             Mangled by an orc wizard
             ... wielding a +1 dagger of electrocution
              (18 damage)
             ... on level 4 of the Dungeon.
             The game lasted 00:16:30 (3216 turns).

LevaFresel the Chopper (Human Fighter)              Turns: 3216, Time: 00:16:31

Health: -7/53      AC: 10    Str: 18    XL:     7   Next: 22%
Magic:  8/8        EV:  5    Int:  9    God:    Nemelex Xobeh [......]
Gold:   107        SH:  9    Dex: 12    Spells: 6/6 levels left

rFire    . . .     SeeInvis .   z - +10 long sword "Worm" {speed, -Tele rPois rC+++ MR-}
rCold    + + +     Gourm    .   c - +0 shield
rNeg     . . .     Faith    .   i - +0 chain mail
rPois    +         Spirit   .   (no helmet)
rElec    .         Reflect  .   (no cloak)
rCorr    .         Harm     .   u - +0 pair of gloves
MR       .....     NoTele   +   (no boots)
Stlth    ..........             (no amulet)
HPRegen  0.17/turn              (no ring)
MPRegen  0.11/turn              (no ring)

@: no status effects
A: no striking features
a: Renounce Religion


You were on level 4 of the Dungeon.
You worshipped Nemelex Xobeh.
Nemelex Xobeh was noncommittal.
You were not hungry.

You visited 1 branch of the dungeon, and saw 4 of its levels.

You collected 197 gold pieces.
You spent 90 gold pieces at shops.

Inventory:

Hand Weapons
 b - a +0 dagger of venom
 s - a +0 dagger of flaming
 x - a +0 blowgun
 z - the +10 long sword "Worm" (weapon) {speed, -Tele rPois rC+++ MR-}
   (You found it on level 4 of the Dungeon)

   Attacks with this weapon are significantly faster.
   It renders you almost immune to cold.
   It protects you from poison.
   It affects your resistance to hostile enchantments.
   It prevents most forms of teleportation.
Missiles
 e - 4 javelins of returning (quivered)
 w - 3 curare-tipped needles
Armour
 c - a +0 shield (worn)
 i - a +0 chain mail (worn)
 u - a +0 pair of gloves (worn)
Wands
 t - a wand of polymorph (6)
Scrolls
 g - a scroll of random uselessness {unknown}
 h - a scroll of fog {unknown}
 n - 2 scrolls of blinking {unknown}
 o - a scroll of fear {unknown}
 v - 3 scrolls of magic mapping {unknown}
Potions
 d - 2 potions of might
 j - 3 potions of curing
 k - a potion of mutation {unknown}
 l - 2 potions of flight {unknown}
 m - 3 potions of brilliance {unknown}
 p - a potion of resistance
 r - a potion of lignification {unknown}
Miscellaneous
 y - an ornate deck of destruction
Comestibles
 f - 6 rations


   Skills:
 + Level 3.7 Fighting
 - Level 2.0 Short Blades
 * Level 0.5(1.3) Long Blades
   Level 4.0 Axes
 + Level 1.4 Throwing
 + Level 3.8 Armour
 + Level 2.1 Dodging
 + Level 3.8 Shields
 + Level 1.5 Invocations
 + Level 0.3 Evocations


You had 6 spell levels left.
You didn't know any spells.

Dungeon Overview and Level Annotations

Branches:
Dungeon (4/15)
 Temple: D:4-7

Altars:
Dithmenos
Nemelex Xobeh
Zin


Message History

Your chain mail prevents you from hitting the orc wizard.
The orc wizard is almost dead.
You block the orc wizard's attack.
The orc wizard gestures wildly while chanting.
The orc wizard blinks!
Something hits you.
You are electrocuted!
You slash the orc wizard!
You kill the orc wizard!
Something hits you but does no damage.
The orc wizard gestures at you while chanting.
You resist with significant effort. Something hits you but does no damage.
You hear some strange, mumbled words.
Something tries to affect you, but you resist.
Something hits you but does no damage.
You are electrocuted!
Something hits you but does no damage.
You are electrocuted!
The orc wizard casts a spell at you. The magic dart hits you!
* * * LOW HITPOINT WARNING * * *
Something hits you but does no damage.
You are electrocuted!
You die...
Your body disappears without a glow.

##### ##..## ###.## ##.[.#
#..## ##.## #....# #.##
##.## .##########....##
#..##### ##..
................####.....##
#..
...........)###..###...#..##
##. .....####...#
##......###..# #.
.......†o...## ##......##..#
#.
........###..###@..........#
## ###.o.###
##..o.##...#....## # ##..
########>###...# # ##. #.#
##..# # ## ### #..# # ####
## #. #. #.


You could see an orc wizard.

Vanquished Creatures
  The ghost of Peloso the Slasher, an amateur MiFi (D:4)
  An orc wizard (D:4)
  An orc priest (D:4)
  Jessica (D:3)
  3 adders (D:2)
  3 oozes
  2 worms (D:3)
  A dart slug (D:2)
  2 leopard geckos
  8 orcs
  3 giant cockroaches
  9 goblins
  9 hobgoblins
  5 jackals
  8 kobolds
  A quokka (D:2)
  11 bats
  10 frilled lizards
  7 rats
86 creatures vanquished.

Notes
Turn   | Place    | Note
-------+----------+-------------------------------------------
     0 | D:1      | LevaFresel the Human Fighter began the quest for the Orb.
     0 | D:1      | Reached XP level 1. HP: 18/18 MP: 1/1
   310 | D:1      | Reached XP level 2. HP: 24/24 MP: 2/2
   674 | D:1      | Reached XP level 3. HP: 27/29 MP: 3/3
   884 | D:2      | Found a shadowy altar of Dithmenos.
  1041 | D:2      | Reached XP level 4. HP: 27/35 MP: 4/4
  1054 | D:2      | Reached skill level 1 in Dodging
  1203 | D:2      | Reached skill level 1 in Short Blades
  1203 | D:2      | Reached skill level 3 in Axes
  1717 | D:3      | Reached XP level 5. HP: 41/41 MP: 5/5
  1766 | D:3      | Noticed Jessica
  1778 | D:3      | Killed Jessica
  2105 | D:3      | Found Zin's Purification Station.
  2107 | D:3      | Found a glowing silver altar of Zin.
  2113 | D:3      | Bought a potion of curing for 90 gold pieces
  2174 | D:3      | Found a sparkling altar of Nemelex Xobeh.
  2179 | D:3      | Became a worshipper of Nemelex Xobeh the Trickster
  2559 | D:3      | Received a gift from Nemelex Xobeh
  2978 | D:4      | Got a warped long sword
  2986 | D:4      | Identified the +10 long sword "Worm" {speed, -Tele rPois rC+++ MR-} (You found it on level 4 of the Dungeon)
  3026 | D:4      | Noticed Peloso's ghost (amateur MiFi)
  3040 | D:4      | Killed Peloso's ghost
  3040 | D:4      | Reached skill level 4 in Axes
  3040 | D:4      | Reached skill level 1 in Throwing
  3040 | D:4      | Reached skill level 1 in Invocations
  3040 | D:4      | Reached XP level 6. HP: 40/48 MP: 6/6
  3040 | D:4      | Reached XP level 7. HP: 44/53 MP: 7/7
  3216 | D:4      | Mangled by an orc wizard

Skill      XL: |  1  2  3  4  5  6  7 |
---------------+----------------------+-----
Dodging        | 1 2 |  2.1
Short Blades   | 1 2 |  2.0
Axes           | 3 4 |  4.0
Throwing       | 1 |  1.4
Invocations    | 1 |  1.5
Fighting       | |  3.7
Long Blades    | |  0.5
Armour         | |  3.8
Shields        | |  3.8
Evocations     | |  0.3

Action                   |  1- 3 |  4- 6 |  7- 9 || total
-------------------------+-------+-------+-------++-------
Melee: War axe           |    14 |       |       ||    14
       Dagger            |    96 |   166 |       ||   262
       Long sword        |       |     9 |    22 ||    31
Throw: Javelin           |       |     4 |       ||     4
  Use: Scroll            |     2 |     3 |       ||     5
  Eat: Ration            |       |     2 |       ||     2
       Chunk             |       |     1 |       ||     1
Armor: Scale mail        |    45 |    25 |       ||    70
       Chain mail        |       |    60 |    16 ||    76
Dodge: Dodged            |    39 |    30 |     3 ||    72
Block: Shield            |    63 |    71 |     8 ||   142
       Rpst.: Long sword |       |     1 |     1 ||     2
